 Dungeon Crawl Stone Soup version 0.22-b1-26-g9dbaab1 (webtiles) character file.

1180 Lilu the Destroyer (level 8, -10/51 HPs)
             Began as a Deep Elf Conjurer on Aug 6, 2018.
             Was a Believer of Vehumet.
             Mangled by a wraith (12 damage)
             ... in an ossuary.
             The game lasted 00:24:07 (6777 turns).

Lilu the Destroyer (Deep Elf Conjurer)              Turns: 6777, Time: 00:24:09

Health: -10/51     AC:  2    Str:  7    XL:     8   Next: 19%
Magic:  9/16       EV: 13    Int: 21    God:    Vehumet [**....]
Gold:   170        SH:  0    Dex: 15    Spells: 7/15 levels left

rFire    . . .     SeeInvis .   v - +2 trident (protect)
rCold    . . .     Gourm    .   (no shield)
rNeg     . . .     Faith    +   a - +0 robe
rPois    +         Spirit   .   (no helmet)
rElec    .         Reflect  .   (no cloak)
rCorr    .         Harm     .   (no gloves)
MR       +....                  (no boots)
Stlth    ++........             u - amulet of faith
HPRegen  0.17/turn              r - ring of protection from magic
MPRegen  0.15/turn              d - ring of poison resistance

@: slowed, drained, very slow
A: no striking features
a: Renounce Religion


You were in an ossuary.
You worshipped Vehumet.
Vehumet was pleased with you.
You were not hungry.

You visited 1 branch of the dungeon, and saw 5 of its levels.
You also visited: Ossuary.

You collected 170 gold pieces.

Inventory:

Hand Weapons
 i - a +2 short sword of venom
 v - a +2 trident of protection (weapon)
Missiles
 e - 78 arrows
Armour
 a - a +0 robe (worn)
 f - a +0 buckler
 t - a +1 leather armour of poison resistance
Jewellery
 d - a ring of poison resistance (right hand)
 r - a ring of protection from magic (left hand)
 u - an amulet of faith (around neck)
Wands
 j - a wand of random effects (37)
 o - a wand of flame (19)
 x - a wand of paralysis (17)
 A - a wand of digging (18)
Scrolls
 g - 3 scrolls of amnesia {unknown}
 k - a scroll of blinking {unknown}
 m - a scroll of fear {unknown}
 n - 8 scrolls of teleportation
 p - 5 scrolls of remove curse {unknown}
 q - a scroll of enchant weapon {unknown}
 s - 2 scrolls of immolation {unknown}
 w - a scroll of acquirement {unknown}
 y - a scroll of identify
Potions
 b - 3 potions of agility
 h - a potion of flight {unknown}
 l - 2 potions of heal wounds {unknown}
 z - a potion of haste {unknown}
Comestibles
 c - 7 rations


   Skills:
 + Level 5.9(5.7) Fighting
 - Level 2.4(2.2) Dodging
 - Level 2.4(2.2) Stealth
 - Level 4.2(4.0) Spellcasting
 - Level 8.0(7.8) Conjurations


You had 7 spell levels left.
You knew the following spells:

 Your Spells              Type           Power        Failure   Level  Hunger
a - Magic Dart            Conj           ####         1%          1    None
b - Searing Ray           Conj           #####.       1%          2    #......
c - Iskenderun's Mystic   Conj           #####...     4%          4    ####...
d - Flame Tongue          Conj/Fire      ###..        2%          1    None

Your spell library contained the following spells:

 Spells                   Type           Power        Failure   Level  Hunger
 Fulminant Prism          Conj/Hex       ###.......   24%         4    ####...
 Dazzling Spray           Conj/Hex       ###...       7%          3    ###....
 Force Lance              Conj/Tloc      ###.....     24%         4    ####...


Dungeon Overview and Level Annotations

Branches:
Dungeon (5/15)
 Temple: D:4-7

Altars:
Ashenzari
Makhleb
Ru
Trog
Vehumet
Xom


Message History

Casting: Searing Ray (safe; 1% risk of failure)
Confirm with . or Enter, or press ? or * to list all spells.
Aiming: Searing Ray (safe; 1% risk of failure)
Press: ? - help, Shift-Dir - straight line, f/p - wraith
Aim: a wraith (severely damaged)
The searing ray hits the wraith.
The wraith is severely damaged. (Press . to maintain the ray.)
The wraith hits you!
* * * LOW HITPOINT WARNING * * *
The wraith drains your vigour!
You feel as though you will be slow longer.
The wraith hits you!
* * * LOW HITPOINT WARNING * * *
The wraith drains your vigour!
You feel as though you will be slow longer.
The searing ray hits the wraith.
The wraith is severely damaged.
The wraith hits you!
You die...

#################
#..............@#
#.'##..###..##W.#
#.#.#..# #..#.#.#
#.###..###..###.#
#...............#
##.###.......###.#
.'.#z#.......#z#.#
##.###..!....###.#
#...............#


You could see a wraith.

Vanquished Creatures
  A wraith (Ossuary)
  An ogre (D:4)
  An elf zombie (D:5)
  2 elf skeletons (D:5)
  3 wights (Ossuary)
  A howler monkey (D:4)
  A crimson imp (D:5)
  2 human zombies (D:5)
  3 orc priests
  A bullfrog skeleton (D:4)
  A centaur skeleton (D:4)
  A human skeleton (D:5)
  Natasha (thrice) (D:4 D:5)
  Terence (D:3)
  2 orc wizards
  5 adders
  An ooze (D:4)
  3 adder zombies (Ossuary)
  An adder skeleton (D:4)
  2 worms
  2 dart slugs (D:1)
  3 leopard geckos
  19 orcs
  2 ball pythons
  6 giant cockroaches
  4 goblins
  12 hobgoblins
  7 jackals
  3 quokkas
  A ball python skeleton (Ossuary)
  10 bats
  3 frilled lizards
  3 hobgoblin skeletons (Ossuary)
  9 kobolds
  An orc skeleton (Ossuary)
  3 orc zombies
  10 rats
  2 butterflies (D:2)
136 creatures vanquished.

Notes
Turn   | Place    | Note
-------+----------+-------------------------------------------
     0 | D:1      | Lilu the Deep Elf Conjurer began the quest for the Orb.
     0 | D:1      | Reached XP level 1. HP: 10/10 MP: 6/6
   153 | D:1      | Reached XP level 2. HP: 14/15 MP: 0/8
   172 | D:1      | Reached skill level 5 in Conjurations
   707 | D:1      | Reached XP level 3. HP: 11/19 MP: 9/9
  1011 | D:2      | Learned a level 2 spell: Searing Ray
  1098 | D:2      | Found a burning altar of Makhleb.
  1550 | D:2      | Found a sacrificial altar of Ru.
  1574 | D:2      | Found a shimmering altar of Xom.
  1621 | D:2      | Reached skill level 6 in Conjurations
  1966 | D:2      | Found a radiant altar of Vehumet.
  1974 | D:2      | Became a worshipper of Vehumet
  2026 | D:3      | Reached XP level 4. HP: 24/24 MP: 10/10
  2125 | D:3      | Learned a level 4 spell: Iskenderun's Mystic Blast
  2208 | D:3      | Reached skill level 7 in Conjurations
  2415 | D:3      | Reached XP level 5. HP: 28/28 MP: 8/11
  2542 | D:3      | Found a shattered altar of Ashenzari.
  2624 | D:3      | Reached * piety under Vehumet
  2624 | D:3      | Offered knowledge of Flame Tongue by Vehumet.
  2627 | D:3      | Learned a level 1 spell: Flame Tongue
  3098 | D:3      | Noticed Terence
  3120 | D:3      | Killed Terence
  3766 | D:4      | Noticed Natasha
  3775 | D:4      | Killed Natasha
  3775 | D:4      | Reached skill level 8 in Conjurations
  3854 | D:4      | Reached XP level 6. HP: 29/32 MP: 6/12
  3984 | D:4      | Found a bloodstained altar of Trog.
  4152 | D:4      | Reached skill level 1 in Fighting
  4492 | D:4      | Reached XP level 7. HP: 7/40 MP: 10/15
  4492 | D:4      | HP: 2/40 [orc wizard/magic dart (5)]
  4498 | D:4      | Reached ** piety under Vehumet
  4498 | D:4      | Offered knowledge of Sting by Vehumet.
  5278 | D:5      | Entered Level 5 of the Dungeon
  5453 | D:5      | Noticed Natasha
  5471 | D:5      | Killed Natasha
  5479 | D:5      | Noticed Natasha
  5487 | D:5      | Killed Natasha
  5753 | D:5      | Found a sand-covered staircase.
  5851 | Ossuary  | Entered an ossuary
  6245 | Ossuary  | Reached skill level 5 in Fighting
  6453 | Ossuary  | Noticed a wraith
  6453 | Ossuary  | Noticed a flying skull
  6462 | Ossuary  | Noticed a flying skull
  6465 | Ossuary  | Noticed a wraith
  6473 | Ossuary  | Killed a wraith
  6473 | Ossuary  | Reached XP level 8. HP: 51/51 MP: 7/16
  6670 | Ossuary  | Noticed a flying skull
  6763 | Ossuary  | Noticed a flying skull
  6776 | Ossuary  | HP: 2/51 [wraith (11)]
  6777 | Ossuary  | Mangled by a wraith

Skill      XL: |  1  2  3  4  5  6  7 |
---------------+----------------------+-----
Conjurations   | 5 6 7 8 |  8.0
Fighting       | 2 5 |  5.9
Spellcasting   | 4 |  4.2
Dodging        | |  2.4
Stealth        | |  2.4

Action                   |  1- 3 |  4- 6 |  7- 9 || total
-------------------------+-------+-------+-------++-------
Melee: Short sword       |    69 |    78 |    18 ||   165
       Club              |    11 |       |       ||    11
       Trident           |       |       |    53 ||    53
 Cast: Magic Dart        |    38 |    22 |       ||    60
       Searing Ray       |       |    14 |    27 ||    41
  Use: Scroll            |       |     3 |       ||     3
       Potion            |       |       |     1 ||     1
 Stab: Sleeping          |     5 |     7 |     8 ||    20
  Eat: Chunk             |     3 |     9 |       ||    12
       Ration            |       |       |     2 ||     2
Armor: Robe              |     8 |     8 |    14 ||    30
Dodge: Dodged            |    59 |    66 |    71 ||   196
